TOP OF THE 1ST |
Butler White Sox batting - Pitching for Newark Bulldogs : RHP Juan González
|
Pitching: RHP Juan González
|
|
Batting: RHB Jerry Moore
|
0-0: Ball 1-0: Ball 2-0: Called Strike 2-1: Swinging Strike 2-2: Ball 3-2: Base on Balls
|
Batting: LHB Denny Allen
|
0-0: Ball 1-0: Called Strike 1-1: Foul Ball, location: 2F 1-2: Strikes out swinging
|
Batting: RHB Luis Ramos
|
0-0: Ball Jerry Moore is caught stealing 2nd base 1-0: DOUBLE (Groundball, 5L)
|
Batting: RHB Bobby Murdock
|
0-0: Called Strike 0-1: Foul Ball, location: 2F 0-2: Ball 1-2: Strikes out looking
|
Top of the 1st over - 0 run(s), 1 hit(s), 0 error(s), 1 left on base; Butler 0 - Newark 0 |
BOTTOM OF THE 1ST |
Newark Bulldogs batting - Pitching for Butler White Sox : RHP Dan Bailey
|
Pitching: RHP Dan Bailey
|
|
Batting: LHB Gerardo Guzmán
|
0-0: Fly out, F7 (Flyball, 7S)
|
Batting: LHB Wes Stone
|
0-0: Foul Ball, location: 2F 0-1: Swinging Strike 0-2: Foul Ball, location: 2F 0-2: Ball 1-2: Ball 2-2: Ground out 4-3 (Groundball, 34)
|
Batting: RHB Ken McDonald
|
0-0: Ball 1-0: Ball 2-0: Foul Ball, location: 2F 2-1: Ball 3-1: Base on Balls
|
Batting: LHB Marvin Morris
|
0-0: Ball 1-0: Called Strike 1-1: Foul Ball, location: 2F 1-2: Ball 2-2: Ball 3-2: SINGLE (Groundball, 34D) Ken McDonald to second Ken McDonald to third
|
Batting: RHB Randy Simons
|
0-0: Ball 1-0: Ball 2-0: Ball 3-0: Foul Ball, location: 2F 3-1: Base on Balls Marvin Morris to second
|
Batting: RHB Gabriel Villegas
|
0-0: Ball 1-0: Foul Ball, location: 2F 1-1: Foul Ball, location: 2F 1-2: Foul Ball, location: 2F 1-2: Foul Ball, location: 2F 1-2: DOUBLE (Line Drive, 89M) Ken McDonald scores Marvin Morris scores Randy Simons to third
|
Batting: LHB Wes Thompson
|
0-0: Ball 1-0: Called Strike 1-1: Ball 2-1: Called Strike 2-2: Ball 3-2: Base on Balls
|
Batting: LHB Ángel Tuzzi
|
0-0: Ball 1-0: Called Strike 1-1: Ball 2-1: SINGLE (Line Drive, 78M) Randy Simons scores Gabriel Villegas to third Wes Thompson to second Runner from 3rd tries for Home, SAFE, no throw
|
Batting: RHB Juan Martínez
|
0-0: Ball 1-0: Ball 2-0: Foul Ball, location: 2F 2-1: Foul Ball, location: 2F 2-2: Ball 3-2: Foul Ball, location: 2F 3-2: Strikes out swinging
|
Bottom of the 1st over - 4 run(s), 3 hit(s), 0 error(s), 2 left on base; Butler 0 - Newark 4 |
TOP OF THE 2ND |
Butler White Sox batting - Pitching for Newark Bulldogs : RHP Juan González
|
Batting: LHB Thomas Dixon
|
0-0: Swinging Strike 0-1: Foul Ball, location: 2F 0-2: Foul Ball, location: 2F 0-2: Ball 1-2: Strikes out swinging
|
Batting: SHB Ben Marks
|
0-0: Ball 1-0: Ball 2-0: Foul Ball, location: 2F 2-1: Ball 3-1: Base on Balls
|
Batting: RHB Luis Fuentes
|
0-0: Called Strike 0-1: Ball 1-1: Called Strike 1-2: Ball 2-2: Ball 3-2: Base on Balls Ben Marks to second
|
Batting: LHB Josh Pérez
|
0-0: Called Strike 0-1: Hit by Pitch Ben Marks to third Luis Fuentes to second
|
Batting: LHB Jim Knight
|
0-0: Ball 1-0: Grounds into double play, 5-4-3 (Groundball, 56)
|
Top of the 2nd over - 0 run(s), 0 hit(s), 0 error(s), 2 left on base; Butler 0 - Newark 4 |
BOTTOM OF THE 2ND |
Newark Bulldogs batting - Pitching for Butler White Sox : RHP Dan Bailey
|
Batting: LHB Gerardo Guzmán
|
0-0: Ball 1-0: Called Strike 1-1: Foul Ball, location: 2F 1-2: Ball 2-2: Ground out U3 (Groundball, 3)
|
Batting: LHB Wes Stone
|
0-0: Ground out 4-3 (Groundball, 4)
|
Batting: RHB Ken McDonald
|
0-0: Called Strike 0-1: Ball 1-1: Foul Ball, location: 2F 1-2: Ball 2-2: Ball 3-2: Base on Balls
|
Batting: LHB Marvin Morris
|
0-0: SINGLE (Groundball, 6D) Ken McDonald to second
|
Batting: RHB Randy Simons
|
0-0: Foul Ball, location: 2F 0-1: Foul Ball, location: 2F 0-2: Ball 1-2: Strikes out looking
|
Bottom of the 2nd over - 0 run(s), 1 hit(s), 0 error(s), 2 left on base; Butler 0 - Newark 4 |
TOP OF THE 3RD |
Butler White Sox batting - Pitching for Newark Bulldogs : RHP Juan González
|
Batting: RHB Jerry Moore
|
0-0: Called Strike 0-1: Ball 1-1: Ball 2-1: Foul Ball, location: 2F 2-2: Foul Ball, location: 2F 2-2: Strikes out swinging
|
Batting: LHB Denny Allen
|
0-0: Called Strike 0-1: Ball 1-1: Ball 2-1: Called Strike 2-2: Ball 3-2: Strikes out swinging
|
Batting: RHB Luis Ramos
|
0-0: Ball 1-0: Foul Ball, location: 2F 1-1: Swinging Strike 1-2: Foul Ball, location: 2F 1-2: Strikes out swinging
|
Top of the 3rd over - 0 run(s), 0 hit(s), 0 error(s), 0 left on base; Butler 0 - Newark 4 |
BOTTOM OF THE 3RD |
Newark Bulldogs batting - Pitching for Butler White Sox : RHP Dan Bailey
|
Batting: RHB Gabriel Villegas
|
0-0: Called Strike 0-1: Fly out, F9 (Flyball, 9S)
|
Batting: LHB Wes Thompson
|
0-0: Ball 1-0: SINGLE (Groundball, 4MD)
|
Batting: LHB Ángel Tuzzi
|
0-0: Called Strike 0-1: Ball 1-1: Foul Ball, location: 2F 1-2: Ball Passed Ball! Wes Thompson to second 2-2: Fly out, F6 (Line Drive, 6D)
|
Batting: RHB Juan Martínez
|
0-0: Ball 1-0: Ball 2-0: Foul Ball, location: 2F 2-1: Foul Ball, location: 2F 2-2: Foul Ball, location: 2F 2-2: Foul Ball, location: 2F 2-2: Ground out 6-3 (Groundball, 6)
|
Bottom of the 3rd over - 0 run(s), 1 hit(s), 0 error(s), 1 left on base; Butler 0 - Newark 4 |
TOP OF THE 4TH |
Butler White Sox batting - Pitching for Newark Bulldogs : RHP Juan González
|
Batting: RHB Bobby Murdock
|
0-0: Ball 1-0: Called Strike 1-1: Foul Ball, location: 2F 1-2: Ball 2-2: Ball 3-2: Base on Balls
|
Batting: LHB Thomas Dixon
|
0-0: Foul Ball, location: 2F 0-1: Ball 1-1: Ball 2-1: Fly out, F9 (Flyball, 9S)
|
Batting: SHB Ben Marks
|
0-0: Ball 1-0: Foul Ball, location: 2F 1-1: SINGLE (Line Drive, 89S) Bobby Murdock to second
|
Batting: RHB Luis Fuentes
|
0-0: SINGLE (Flyball, 9LS) Bobby Murdock to third Ben Marks to second Runner from 3rd tries for Home, SAFE, throw made home Ben Marks to third Luis Fuentes to second
|
Batting: LHB Josh Pérez
|
0-0: Ball 1-0: Foul Ball, location: 2F 1-1: Ground out 3-1 (Groundball, 34) Ben Marks scores Luis Fuentes to third
|
Batting: LHB Jim Knight
|
0-0: Foul Ball, location: 2F 0-1: Ball 1-1: SINGLE (Groundball, 4MD) Luis Fuentes scores
|
Batting: RHB Jerry Moore
|
0-0: Foul Ball, location: 2F 0-1: Fly out, F9 (Flyball, 9LMF)
|
Top of the 4th over - 3 run(s), 3 hit(s), 0 error(s), 1 left on base; Butler 3 - Newark 4 |
BOTTOM OF THE 4TH |
Newark Bulldogs batting - Pitching for Butler White Sox : RHP Dan Bailey
|
Batting: LHB Gerardo Guzmán
|
0-0: Ball 1-0: Ball 2-0: Foul Ball, location: 2F 2-1: Foul Ball, location: 2F 2-2: Ball 3-2: Fly out, F8 (Flyball, 8LM)
|
Batting: LHB Wes Stone
|
0-0: Foul Ball, location: 2F 0-1: Foul Ball, location: 2F 0-2: Ground out 4-3 (Groundball, 4S)
|
Batting: RHB Ken McDonald
|
0-0: Foul Ball, location: 2F 0-1: Called Strike 0-2: Ball 1-2: Ground out 6-3 (Groundball, 6)
|
Bottom of the 4th over - 0 run(s), 0 hit(s), 0 error(s), 0 left on base; Butler 3 - Newark 4 |
TOP OF THE 5TH |
Butler White Sox batting - Pitching for Newark Bulldogs : RHP Juan González
|
Batting: LHB Denny Allen
|
0-0: Called Strike 0-1: Swinging Strike 0-2: Ball 1-2: Strikes out looking
|
Batting: RHB Luis Ramos
|
0-0: Ball 1-0: Ball 2-0: Called Strike 2-1: Foul Ball, location: 2F 2-2: Foul Ball, location: 2F 2-2: Foul Ball, location: 2F 2-2: Fly out, F6 (Line Drive, 6)
|
Batting: RHB Bobby Murdock
|
0-0: Foul Ball, location: 2F 0-1: Ball 1-1: Foul Ball, location: 2F 1-2: Ball 2-2: Foul Ball, location: 2F 2-2: Ball 3-2: Base on Balls
|
Pitching: RHP José Gonzáles
|
|
Batting: LHB Thomas Dixon
|
0-0: Called Strike 0-1: Called Strike 0-2: Strikes out swinging
|
Top of the 5th over - 0 run(s), 0 hit(s), 0 error(s), 1 left on base; Butler 3 - Newark 4 |
BOTTOM OF THE 5TH |
Newark Bulldogs batting - Pitching for Butler White Sox : RHP Dan Bailey
|
Pitching: RHP Jorge Barrón
|
|
Batting: LHB Marvin Morris
|
0-0: Called Strike 0-1: Ball 1-1: Ball 2-1: DOUBLE (Flyball, 78D)
|
Batting: RHB Randy Simons
|
0-0: Reached on error, E4 (Groundball, 4) Marvin Morris to third
|
Batting: RHB Gabriel Villegas
|
0-0: Called Strike 0-1: 3-RUN HOME RUN (Flyball, 9D), Distance : 378 ft
|
Batting: LHB Wes Thompson
|
0-0: Ball 1-0: Ground out U3 (Groundball, 3S)
|
Batting: LHB Ángel Tuzzi
|
0-0: Fly out, F7 (Flyball, 7)
|
Batting: RHB Juan Martínez
|
0-0: Foul Ball, location: 2F 0-1: Ball 1-1: Swinging Strike 1-2: Strikes out swinging
|
Bottom of the 5th over - 3 run(s), 2 hit(s), 1 error(s), 0 left on base; Butler 3 - Newark 7 |
TOP OF THE 6TH |
Butler White Sox batting - Pitching for Newark Bulldogs : RHP José Gonzáles
|
Batting: SHB Ben Marks
|
0-0: Ball 1-0: Ball 2-0: Ball 3-0: Base on Balls
|
Batting: RHB Luis Fuentes
|
0-0: Grounds into double play, 4-6-3 (Groundball, 4)
|
Batting: LHB Josh Pérez
|
0-0: Ball 1-0: Swinging Strike 1-1: Called Strike 1-2: Strikes out swinging
|
Top of the 6th over - 0 run(s), 0 hit(s), 0 error(s), 0 left on base; Butler 3 - Newark 7 |
BOTTOM OF THE 6TH |
Newark Bulldogs batting - Pitching for Butler White Sox : RHP Jorge Barrón
|
Pitching: RHP Steve Newman
|
|
Batting: LHB Gerardo Guzmán
|
0-0: Ball 1-0: Ball 2-0: Ball 3-0: Base on Balls
|
Batting: LHB Wes Stone
|
0-0: Foul Ball, location: 2F 0-1: Ball 1-1: Fielders Choice at 2nd, 6-4 (Groundball, 6)
|
Batting: RHB Ken McDonald
|
0-0: SINGLE (Flyball, 9LS) Wes Stone to second Runner from 2nd tries for 3rd, SAFE, no throw
|
Batting: LHB Marvin Morris
|
0-0: Swinging Strike 0-1: Foul Ball, location: 2F 0-2: Ground out 4-3 (Groundball, 34D) Wes Stone scores Ken McDonald to second
|
Batting: RHB Randy Simons
|
0-0: Called Strike 0-1: SINGLE (Groundball, 4MD) Ken McDonald to third Runner from 3rd tries for Home, SAFE, no throw
|
Batting: RHB Gabriel Villegas
|
0-0: Ball 1-0: Called Strike 1-1: Foul Ball, location: 2F 1-2: Strikes out swinging
|
Bottom of the 6th over - 2 run(s), 2 hit(s), 0 error(s), 1 left on base; Butler 3 - Newark 9 |
TOP OF THE 7TH |
Butler White Sox batting - Pitching for Newark Bulldogs : RHP José Gonzáles
|
Batting: LHB Jim Knight
|
0-0: Ball 1-0: Ball 2-0: Called Strike 2-1: Ball 3-1: Base on Balls
|
Batting: RHB Jerry Moore
|
0-0: Ball 1-0: Ball 2-0: Fielders Choice at 2nd, 4-6 (Groundball, 34)
|
Batting: LHB Denny Allen
|
0-0: Ball 1-0: Ball Wild Pitch! Jerry Moore to second 2-0: Called Strike 2-1: Ball 3-1: Foul Ball, location: 2F 3-2: Base on Balls
|
Batting: RHB Luis Ramos
|
0-0: Ball 1-0: Ball 2-0: Called Strike 2-1: Swinging Strike 2-2: 3-RUN HOME RUN (Flyball, 78XD), Distance : 378 ft
|
Pitching: RHP Chris Johns
|
|
Batting: RHB Bobby Murdock
|
0-0: Ball 1-0: Foul Ball, location: 2F 1-1: Swinging Strike 1-2: DOUBLE (Line Drive, 8LXD) - OUT at third base trying to stretch hit.
|
Batting: LHB Thomas Dixon
|
0-0: Foul Ball, location: 2F 0-1: Ground out 2-3 (Groundball, 2R)
|
Top of the 7th over - 3 run(s), 2 hit(s), 0 error(s), 0 left on base; Butler 6 - Newark 9 |
BOTTOM OF THE 7TH |
Newark Bulldogs batting - Pitching for Butler White Sox : RHP Steve Newman
|
Pitching: RHP Bartho Manshert
|
|
Batting: LHB Wes Thompson
|
0-0: Ball 1-0: Ball 2-0: Ball 3-0: Base on Balls
|
Batting: LHB Ángel Tuzzi
|
0-0: Ball 1-0: Ball 2-0: Called Strike 2-1: Foul Ball, location: 2F 2-2: SINGLE (Groundball, 34D) Wes Thompson to second
|
Batting: RHB Juan Martínez
|
0-0: Called Strike 0-1: Foul Ball, location: 2F 0-2: Foul Ball, location: 2F 0-2: Ball 1-2: SINGLE (Line Drive, 56D) Wes Thompson to third Ángel Tuzzi to second
|
Pitching: LHP Luis Torres
|
|
Pinch Hitting: RHB Emílio Salas
|
0-0: Ball 1-0: Ball 2-0: Ball 3-0: Base on Balls Wes Thompson scores Ángel Tuzzi to third Juan Martínez to second
|
Pitching: RHP Eric Wilson
|
|
Batting: LHB Wes Stone
|
0-0: Ball 1-0: Called Strike 1-1: Ball 2-1: Ball 3-1: Base on Balls Ángel Tuzzi scores Juan Martínez to third Emílio Salas to second
|
Batting: RHB Ken McDonald
|
0-0: Called Strike 0-1: Foul Ball, location: 2F 0-2: Foul Ball, location: 2F 0-2: Foul Ball, location: 2F 0-2: SINGLE (Groundball, 34D) Juan Martínez scores Emílio Salas to third Wes Stone to second
|
Batting: LHB Marvin Morris
|
0-0: Ball 1-0: Fly out, F6 (Popup, 6D)
|
Batting: RHB Randy Simons
|
0-0: Ball 1-0: Ball 2-0: Foul Ball, location: 2F 2-1: SINGLE (Groundball, 56D) Emílio Salas scores Wes Stone to third Ken McDonald to second Runner from 3rd tries for Home, SAFE, no throw
|
Batting: RHB Gabriel Villegas
|
0-0: Ball 1-0: Called Strike 1-1: Ball 2-1: Ball 3-1: Foul Ball, location: 2F 3-2: Base on Balls Ken McDonald to third Randy Simons to second
|
Batting: LHB Wes Thompson
|
0-0: Ball 1-0: Foul Ball, location: 2F 1-1: Ball 2-1: Ball 3-1: Base on Balls Ken McDonald scores Randy Simons to third Gabriel Villegas to second
|
Batting: LHB Ángel Tuzzi
|
0-0: Fly out, F6 (Popup, 4M)
|
Batting: RHB Juan Martínez
|
0-0: Ground out 5-3 (Groundball, 5S)
|
Bottom of the 7th over - 6 run(s), 4 hit(s), 0 error(s), 3 left on base; Butler 6 - Newark 15 |
TOP OF THE 8TH |
Butler White Sox batting - Pitching for Newark Bulldogs : RHP Chris Johns
|
Now at SS: Larry Booth
|
|
Batting: SHB Ben Marks
|
0-0: Called Strike 0-1: Ball 1-1: Called Strike 1-2: Ball 2-2: Strikes out swinging
|
Batting: RHB Luis Fuentes
|
0-0: Swinging Strike 0-1: Ball 1-1: Ball 2-1: SINGLE (Flyball, 8RS)
|
Batting: LHB Josh Pérez
|
0-0: Ball 1-0: Ball 2-0: Ball 3-0: Called Strike 3-1: Swinging Strike 3-2: Strikes out swinging
|
Batting: LHB Jim Knight
|
0-0: Ball 1-0: Swinging Strike 1-1: Ball 2-1: DOUBLE (Flyball, 7LD) Luis Fuentes to third
|
Pinch Hitting: RHB Tom Lang
|
0-0: Swinging Strike 0-1: Ground out 4-3 (Groundball, 4)
|
Top of the 8th over - 0 run(s), 2 hit(s), 0 error(s), 2 left on base; Butler 6 - Newark 15 |
BOTTOM OF THE 8TH |
Newark Bulldogs batting - Pitching for Butler White Sox : RHP Eric Wilson
|
Pitching: RHP Archie Summers
|
|
Now at 3B: Júlio Hernández
|
|
Batting: RHB Larry Booth
|
0-0: Fly out, F8 (Flyball, 8LM)
|
Batting: LHB Wes Stone
|
0-0: Ball 1-0: Ball 2-0: Foul Ball, location: 2F Error on foul ball, E5 2-2: Foul Ball, location: 2F 2-2: Strikes out swinging
|
Batting: RHB Ken McDonald
|
0-0: Ball 1-0: Ball 2-0: Fly out, F7 (Line Drive, 7S)
|
Bottom of the 8th over - 0 run(s), 0 hit(s), 1 error(s), 0 left on base; Butler 6 - Newark 15 |
TOP OF THE 9TH |
Butler White Sox batting - Pitching for Newark Bulldogs : RHP Chris Johns
|
Batting: LHB Denny Allen
|
0-0: Ball 1-0: Foul Ball, location: 2F 1-1: Foul Ball, location: 2F 1-2: Ball 2-2: Foul Ball, location: 2F 2-2: DOUBLE (Line Drive, 78M)
|
Batting: RHB Luis Ramos
|
0-0: Fly out, F8 (Flyball, 8LXD) Runner from 2nd tags up, SAFE at 3rd, no throw
|
Batting: RHB Bobby Murdock
|
0-0: Fly out, F9 (Flyball, 9LS) Runner from 3rd tags up, SCORES, no throw
|
Batting: LHB Thomas Dixon
|
0-0: Ball 1-0: Foul Ball, location: 2F 1-1: SINGLE (Groundball, 34D)
|
Batting: SHB Ben Marks
|
0-0: Called Strike 0-1: SINGLE (Groundball, 6D) Thomas Dixon to second
|
Batting: RHB Luis Fuentes
|
0-0: Ball 1-0: SINGLE (Groundball, 6MD) Thomas Dixon to third Ben Marks to second Runner from 3rd tries for Home, SAFE, no throw
|
Batting: LHB Josh Pérez
|
0-0: Ball 1-0: Foul Ball, location: 2F 1-1: Foul Ball, location: 2F 1-2: SINGLE (Groundball, 4MD) Ben Marks to third Luis Fuentes to second Runner from 3rd tries for Home, SAFE, no throw
|
Pitching: RHP Roberto Cordero
|
|
Batting: LHB Jim Knight
|
0-0: Called Strike 0-1: DOUBLE (Flyball, 89D) Luis Fuentes scores Josh Pérez to third Runner from 3rd tries for Home, SAFE, no throw
|
Batting: RHB Júlio Hernández
|
0-0: Called Strike 0-1: Ball 1-1: Ball 2-1: Foul Ball, location: 2F 2-2: Foul Ball, location: 2F 2-2: Ball 3-2: Foul Ball, location: 2F 3-2: Foul Ball, location: 2F 3-2: Base on Balls
|
Pitching: RHP Bart Brown
|
|
Batting: LHB Denny Allen
|
0-0: Fly out, F7 (Line Drive, 7S)
|
Top of the 9th over - 5 run(s), 6 hit(s), 0 error(s), 2 left on base; Butler 11 - Newark 15 |
|